 Dungeon Crawl Stone Soup version 0.30-a0-1035-g38d5fb2972 (webtiles) character file.

Game seed: 2412467022274229067

20 Ic0nGaming the Cutter (level 3, -3/23 HPs)
             Began as a Kobold Fighter on Apr 8, 2023.
             Slain by Jessica
             ... wielding a +0 club
              (6 damage)
             ... on level 2 of the Dungeon.
             The game lasted 00:01:46 (1421 turns).

Ic0nGaming the Cutter (Kobold Fighter)              Turns: 1421, Time: 00:01:46

Health: -3/23      AC:  6    Str: 15    XL:     3   Next: 0%
Magic:  3/3        EV: 10    Int:  9    God:
Gold:   70         SH:  4    Dex: 14    Spells: 2/2 levels left

rFire   . . .      SeeInvis .    a - +0 rapier
rCold   . . .      Faith    .    c - +0 buckler
rNeg    . . .      Spirit   .    b - +0 scale mail
rPois   .          Reflect  .    (no helmet)
rElec   .          Rampage  .    (no cloak)
rCorr   .                        (no gloves)
Will    .....                    (no boots)
Stlth   +                        (no amulet)
HPRegen 0.23/turn                (no ring)
MPRegen 0.08/turn                (no ring)

@: no status effects
A: small, no large weapons, nightstalker 3
a: no special abilities


You were on level 2 of the Dungeon.
You visited 1 branch of the dungeon, and saw 2 of its levels.

You collected 70 gold pieces.

Inventory:

Hand Weapons
 a - a +0 rapier (weapon)
Armour
 b - a +0 scale mail (worn)
 c - a +0 buckler (worn)
Jewellery
 g - an amulet of faith
Scrolls
 f - a scroll of enchant weapon {unknown}
 h - a scroll of fog
 i - a scroll of vulnerability
Potions
 d - a potion of might
 e - a potion of heal wounds


   Skills:
 - Level 3.2 Fighting
 + Level 4.3 Short Blades
 - Level 2.4 Armour
 - Level 2.4 Shields


You had 2 spell levels left.
You didn't know any spells.
Your spell library was empty.

Dungeon Overview and Level Annotations

Branches:
Dungeon (2/15)

Altars:

Annotations:
D:2 Jessica


Innate Abilities, Weirdness & Mutations

You are small and have problems with some larger weapons.
You are completely attuned to the shadows.


Message History

No target in view!
A frilled lizard comes into view.
The frilled lizard hisses angrily.
You puncture the frilled lizard!
You kill the frilled lizard!
You have reached level 3!
Your experience leads to an increase in your attributes!
Increase (S)trength, (I)ntelligence, or (D)exterity?
You feel stronger. x2
Things that are here:
a +0 club; a goblin corpse
Found a ring mail.
h - a scroll of fog
Found a whip.
You see here a +0 whip.
Jessica the Apprentice Sorceress comes into view.
She is wielding a +0 club.
Jessica shouts!
Jessica casts a spell at you. Pain shoots through your body!
Ouch! That really hurt!
Okay, then.
You start resting.
Jessica is nearby!
You hit Jessica.
Jessica is heavily wounded.
Jessica hits you with a +0 club.
You hit Jessica but do no damage.
Jessica is heavily wounded.
Jessica barely misses you.
You hit Jessica.
Jessica is almost dead.
Jessica hits you with a +0 club.
You hit Jessica but do no damage.
Jessica is almost dead.
Jessica hits you with a +0 club!
* * * LOW HITPOINT WARNING * * *
You barely miss Jessica.
Jessica is almost dead.
Jessica hits you with a +0 club.
You die...

#.# ##.#### ...... #
#@.... ########
#.##@#########.......
#..............######
####.#########.# #.#
#.# #.# #.# #.# #.#
#.# #.# #.# ###


You could see Jessica.

Vanquished Creatures
  A dart slug (D:1)
  2 ball pythons
  2 giant cockroaches
  3 goblins
  2 hobgoblins (D:1)
  A quokka (D:1)
  A bat (D:1)
  3 frilled lizards
  2 rats (D:1)
17 creatures vanquished.

Notes
Turn   | Place    | Note
-------+----------+-------------------------------------------
     0 | D:1      | Ic0nGaming the Kobold Fighter began the quest for the Orb.
     0 | D:1      | Reached XP level 1. HP: 14/14 MP: 1/1
   160 | D:1      | Reached skill level 3 in Short Blades
   723 | D:1      | Reached XP level 2. HP: 17/19 MP: 2/2
   779 | D:1      | Reached skill level 4 in Short Blades
  1282 | D:2      | Found a faded altar of an unknown god.
  1305 | D:2      | Reached XP level 3. HP: 23/23 MP: 3/3
  1411 | D:2      | Noticed Jessica
  1421 | D:2      | Slain by Jessica

Illustrated notes

Levels and vault maps discovered:
D:1:      nagdon_arrival_double_spiral, layout_basic
D:2:      layout_basic, hellmonk_ecumenical_altar_lost_god,
          nicolae_shop_vocational, uniq_jessica, uniq_sigmund

Skill      XL: |  1  2 |
---------------+-------+-----
Short Blades   | 3 4 |  4.3
Fighting       | |  3.2
Armour         | |  2.4
Shields        | |  2.4

Action                     || total
---------------------------++-------
  Melee: Rapier            ||    60
    Use: Scroll            ||     4
 Armour: Scale mail        ||    19
  Dodge: Dodged            ||    22
  Block: Buckler           ||    11

Table legend: (Time is in decaauts)
 A = Elapsed time spent in this place.
 B = Non-inter-level travel time spent in this place.
 C = Inter-level travel time spent in this place.
 D = Time resting spent in this place.
 E = Time spent auto-exploring this place.
 F = Levels seen in this place.
 G = Mean time per level.
                   A        B        C        D        E       F      G
               +--------+--------+--------+--------+--------+-----+--------+
         Total |   1425 |   1416 |      9 |    203 |   1079 |   2 |  712.5 |
       Dungeon |   1425 |   1416 |      9 |    203 |   1079 |   2 |  712.5 |
               +--------+--------+--------+--------+--------+-----+--------+

Top non-repeatable levels by time:
     D:1: 928 daAuts
     D:2: 497 daAuts
